AoeStats
← Azadrum

Arabian Desert

509189290Analyzed
1v1 RM · 6d ago on Sep 25, 2026· 57m 50s· 2 players
Game mode
Random Map
Map size
Tiny (2 player)
Population
200
Speed
Normal
Resources
Standard
Victory
Conquest
Starting age
Dark Age
Ending age
Imperial Age
RankedLock teamsTeams togetherTeam positionsShared explorationLock speedFull tech treeHidden civsTurbo modeCheats
Victory
Defeat
🇹🇷 Magyars · Türkiye
905
+17
🇸🇰 Byzantines · Slovakia
935
-17
Azadrum
6:11 Loom
9:37 Feudal Age
14:50 Scale Barding Armor
18:02 Double-Bit Axe
18:53 Horse Collar
21:49 Castle Age
20:36 Bloodlines
21:02 Fletching
21:13 Padded Archer Armor
21:47 Man-at-Arms
22:55 Bow Saw
22:36 Long Swordsman
25:13 Scale Mail Armor
25:58 Arson
27:07 Chain Mail Armor
34:35 Pikeman
35:20 Heavy Plow
38:38 Imperial Age
36:07 Bodkin Arrow
36:28 Leather Archer Armor
39:26 Bracer
40:00 Ring Archer Armor
40:33 Chemistry
39:14 Halberdier
41:28 Two-Man Saw
41:27 Parthian Tactics
44:03 Wheelbarrow
44:38 Gold Mining
44:58 Husbandry
45:41 Crop Rotation
46:50 Ballistics
48:23 Gold Shaft Mining
47:30 Heavy Cavalry Archer
49:35 Recurve Bow
49:40 Corvinian Army
50:00 Conscription
56:58 Hand Cart
56:29 Town Watch
Jamailo
10:05 Feudal Age
10:27 Horse Collar
10:34 Double-Bit Axe
10:39 Loom
19:55 Castle Age
18:32 Stone Mining
18:34 Gold Mining
20:48 Heavy Plow
21:29 Bow Saw
23:17 Wheelbarrow
25:44 Scale Barding Armor
26:46 Forging
28:27 Husbandry
28:50 Chain Barding Armor
30:47 Scale Mail Armor
34:17 Iron Casting
35:43 Squires
36:44 Fletching
36:56 Padded Archer Armor
38:23 Gold Shaft Mining
43:50 Imperial Age
41:42 Hand Cart
41:50 Hand Cart
41:30 Pikeman
43:16 Chain Mail Armor
42:57 Bodkin Arrow
42:25 Elite Skirmisher
44:53 Conscription
45:41 Crop Rotation
44:39 Heavy Camel Rider
46:21 Plate Barding Armor
47:16 Ballistics
46:32 Light Cavalry
48:51 Plate Mail Armor
50:41 Two-Man Saw
51:57 Bracer
52:13 Leather Archer Armor
Connection lost

Rejoining the realm…

Still unreachable

The connection could not be restored.

Session expired

The server has moved on; the page needs a fresh start.